 Dungeon Crawl Stone Soup version 0.27-a0-1591-gc56fcc985a (webtiles) character file.

Game seed: 9762746125477440704

6 Sin92 the Skirmisher (level 1, -5/18 HPs)
             Began as a Demonspawn Fighter on July 19, 2021.
             Slain by a gnoll (6 damage)
             ... on level 1 of the Dungeon.
             The game lasted 00:00:14 (182 turns).

Sin92 the Skirmisher (Demonspawn Fighter)            Turns: 182, Time: 00:00:14

Health: -5/18      AC:  6    Str: 16    XL:     1   Next: 75%
Magic:  1/1        EV:  7    Int:  9    God:
Gold:   21         SH:  8    Dex: 12    Spells: 0/0 levels left

rFire    . . .     SeeInvis .   a - +0 long sword
rCold    . . .     Faith    .   c - +0 kite shield
rNeg     . . .     Spirit   .   b - +0 scale mail
rPois    .         Reflect  .   (no helmet)
rElec    .         Harm     .   (no cloak)
rCorr    .         Rampage  .   (no gloves)
Will     .....                  (no boots)
Stlth    ..........             (no amulet)
HPRegen  0.06/turn              (no ring)
MPRegen  0.07/turn              (no ring)

@: no status effects
A: no striking features
a: no special abilities


You were on level 1 of the Dungeon.
You visited 1 branch of the dungeon, and saw 1 of its levels.

You collected 21 gold pieces.

Inventory:

Hand Weapons
 a - a +0 long sword (weapon)
Armour
 b - a +0 scale mail (worn)
 c - a +0 kite shield (worn)
Potions
 d - a potion of might


   Skills:
 + Level 3.0 Fighting
 + Level 1.9 Long Blades
 + Level 2.7 Armour
 + Level 0.3 Dodging
 + Level 2.7 Shields


You couldn't memorise any spells.
You didn't know any spells.
Your spell library was empty.

Dungeon Overview and Level Annotations

Branches:
Dungeon (1/15)

Altars:


Message History

You are too injured to fight recklessly!
Unknown command.
Unknown command.
You are too injured to fight recklessly!
Unknown command.
You are too injured to fight recklessly!
You escape the ball python's grasp.
You see here a frilled lizard corpse.
You barely miss the kobold. The kobold barely misses you.
The kobold hits you with a +0 short sword.
Your shield and scale mail prevent you from hitting the kobold.
The kobold hits you but does no damage.
You miss the kobold. You block the kobold's attack.
The kobold hits you but does no damage.
You hit the kobold but do no damage. You block the kobold's attack.
You hit the kobold.
You kill the kobold!
The ball python barely misses you. The ball python grabs you.
The ball python constricts you.
You closely miss the ball python.
The ball python is heavily wounded.
You block the ball python's attack. The ball python constricts you.
The ball python bites you.
* * * LOW HITPOINT WARNING * * *
The ball python constricts you.
You hit the ball python.
You kill the ball python!
You block the gnoll's attack.
You hit the gnoll.
The gnoll is heavily wounded.
You block the gnoll's attack.
You closely miss the gnoll.
The gnoll is heavily wounded.
The gnoll hits you with a +0 club.
* * * LOW HITPOINT WARNING * * *
The gnoll barely misses you.
You hit the gnoll.
The gnoll is almost dead.
The gnoll hits you with a +0 club.
You die...

#.......###.#P♣P......#
#.# #. #............P.♣
..##.# #.# #.
#.......#.##....♣...#..
..# #. ###.##....#
...PP♣P.P.. ### #.
#.##♣.♣.# ###.♣♣P P.. #
#. #.##.)#.# ...♣ .....
.. #.##♣.♣.####
#..♣♣♣..#
#.##..#.##.###.#)..P.##
#.##♣.♣.#...@gg......>.
#†##..#.##.#####.....##
#.##♣.♣.##.# #>...#
#.##..#.##.#### #.....
#...♣.♣.......## .....
#####.#........... ....
♣.♣.########## ...
#...# ... #####


You could see a gnoll and a goblin.

Vanquished Creatures
  A ball python (D:1)
  A frilled lizard (D:1)
  A goblin (D:1)
  2 kobolds (D:1)
  2 rats (D:1)
7 creatures vanquished.

Notes
Turn   | Place    | Note
-------+----------+-------------------------------------------
     0 | D:1      | Sin92 the Demonspawn Fighter began the quest for the Orb.
     0 | D:1      | Reached XP level 1. HP: 18/18 MP: 1/1
   182 | D:1      | Slain by a gnoll

Illustrated notes

Levels and vault maps discovered:
D:1:      evilmike_arrival_rings, layout_loops_ring, serial_shops, shop,
          serial_forest, infiniplex_forest_clump_curved,
          infiniplex_forest_straight_2, infiniplex_forest_clump_diagonal,
          infiniplex_forest_lined_3, infiniplex_forest_end_2,
          infiniplex_forest_lined_1, infiniplex_forest_straight_2,
          skrybe_limestone_x

Action                   || total
-------------------------++-------
Melee: Long sword        ||    25
Armor: Scale mail        ||    12
Dodge: Dodged            ||    10
Block: Kite shield       ||    17
       Rpst.: Long sword ||     2

Table legend: (Time is in decaauts)
 A = Elapsed time spent in this place.
 B = Non-inter-level travel time spent in this place.
 C = Inter-level travel time spent in this place.
 D = Time resting spent in this place.
 E = Time spent auto-exploring this place.
 F = Levels seen in this place.
 G = Mean time per level.
                   A        B        C        D        E       F      G
               +--------+--------+--------+--------+--------+-----+--------+
         Total |    195 |    195 |      0 |      0 |    138 |   1 |  195.0 |
       Dungeon |    195 |    195 |      0 |      0 |    138 |   1 |  195.0 |
               +--------+--------+--------+--------+--------+-----+--------+

Top non-repeatable levels by time:
     D:1: 195 daAuts
